 Dungeon Crawl Stone Soup version 0.26-a0-812-g31a745ddcd (webtiles) character file.

Game seed: 9348823580413522158

37 Lanoc the Gusty (level 3, -2/14 HPs)
             Began as a Felid Air Elementalist on Dec 1, 2020.
             Killed from afar by a white imp (12 damage)
             ... with a puff of frost
             ... on level 3 of the Dungeon.
             The game lasted 00:01:49 (1159 turns).

Lanoc the Gusty (Felid Air Elementalist)            Turns: 1159, Time: 00:01:49

Health: -2/14      AC:  1    Str:  4    XL:     3   Next: 21%
Magic:  5/7        EV: 18    Int: 17    God:
Gold:   8          SH:  0    Dex: 16    Spells: 5/6 levels left
                                        Lives:  0   Deaths: 0

rFire    . . .     SeeInvis +   (weapon unavailable)
rCold    . . .     Faith    .   (shield unavailable)
rNeg     . . .     Spirit   .   (armour unavailable)
rPois    .         Reflect  .   (helmet unavailable)
rElec    .         Harm     .   (cloak unavailable)
rCorr    .         Rampage  .   (gloves unavailable)
MR       .....                  (boots unavailable)
Stlth    +++.......             (no amulet)
HPRegen  0.04/turn              (no ring)
MPRegen  0.10/turn              (no ring)

@: quick
A: very small, no armour, no weapons or thrown items, stealth, claws 1, fangs 3,
see invisible, speed 1, shaggy fur 1, sharp paws
a: no special abilities


You were on level 3 of the Dungeon.
You visited 1 branch of the dungeon, and saw 3 of its levels.

You collected 8 gold pieces.

Inventory:

Wands
 d - a wand of paralysis (11)
Scrolls
 b - a scroll of remove curse {unknown}
 c - a scroll of enchant armour {unknown}
Potions
 a - a potion of curing {unknown}


   Skills:
 + Level 3.3 Dodging
 - Level 2.6 Stealth
 - Level 2.0 Spellcasting
 + Level 1.5 Conjurations
 * Level 3.3 Air Magic


You had 5 spell levels left.
You knew the following spells:

 Your Spells              Type           Power        Failure   Level
a - Shock                 Conj/Air       ##..         7%          1

Your spell library contained the following spells:

 Spells                   Type           Power        Failure   Level
 Swiftness                Air            ##......     8%          2
 Static Discharge         Conj/Air       ##......     22%         3
 Airstrike                Air            ##........   43%         4
 Lightning Bolt           Conj/Air       ##........   89%         5


Dungeon Overview and Level Annotations

Branches:
Dungeon (3/15)

Altars:


Innate Abilities, Weirdness & Mutations

You cannot wear armour.
You are incapable of wielding weapons or throwing items.
Your paws allow you to move quietly. (Stealth)
You have sharp claws.
You have razor-sharp teeth.
You have supernaturally acute eyesight. (SInv)
You cover ground quickly.
You are covered in fur. (AC +1)
Your sharp claws are effective at attacking unaware monsters.


Message History

Press: ? - help, Shift-Dir - straight line, f - white imp
Aim: a white imp (wandering, hasn't noticed you)
The zap misses the white imp.
The zap hits the white imp.
The white imp is moderately wounded.
The white imp shouts, "Quit, thou mangled common-kissing ratsbane!"
Casting: Shock (safe; 7% risk of failure)
Confirm with . or Enter, or press ? or * to list all spells.
You can't see any susceptible monsters within range! (Use Z to cast anyway.)
A white imp is nearby!
Casting: Shock (safe; 7% risk of failure)
Confirm with . or Enter, or press ? or * to list all spells.
Aiming: Shock (safe; 7% risk of failure)
Press: ? - help, Shift-Dir - straight line, f/p - white imp
Aim: a white imp (moderately wounded)
The zap hits the white imp.
The white imp is severely wounded.
The white imp gestures at you. The puff of frost hits you!
Ouch! That really hurt!
You die...

###### ###≈≈#. #.(..#
..≈≈≈?..# #....#
.≈≈≈.....########....#
#.........#...@(......#
.........#...........#
...b.....#..###......#
$.......#.5#≈#......#
...........#≈#......#
##.#.#...†#≈#......#
###.#...#...≈.......#
#[...).##...)......##
#....≈≈≈##.#.≈.#....###


You could see a white imp.

Vanquished Creatures
  An adder (D:3)
  A dart slug (D:1)
  3 leopard geckos
  3 giant cockroaches
  2 goblins
  4 hobgoblins
  5 bats
  A frilled lizard (D:2)
  A kobold (D:3)
  A rat (D:1)
22 creatures vanquished.

Notes
Turn   | Place    | Note
-------+----------+-------------------------------------------
     0 | D:1      | Lanoc the Felid Air Elementalist began the quest for the
                  | Orb.
     0 | D:1      | Reached XP level 1. HP: 7/7 MP: 4/4
   111 | D:1      | Reached skill level 1 in Conjurations
   444 | D:1      | Reached XP level 2. HP: 11/11 MP: 3/6
   929 | D:3      | Reached XP level 3. HP: 14/14 MP: 3/7
  1159 | D:3      | Killed from afar by a white imp

Illustrated notes

Levels and vault maps discovered:
D:1:      kilobyte_arrival_exit_the_forest, layout_loops_cross
D:2:      layout_loops_ring, nemelex_xobeh_ov_fountains_minmay,
          uniq_crazy_yiuf_cottage
D:3:      layout_rooms, serial_rivers, chequers_serial_rivers_micro_d,
          chequers_serial_rivers_micro_b, chequers_serial_rivers_small_b,
          chequers_serial_rivers_micro_b, chequers_serial_rivers_small_3

Skill      XL: |  1 |
---------------+----+-----
Conjurations   | 1 |  1.5
Dodging        | 3 |  3.3
Air Magic      | 3 |  3.3
Stealth        | |  2.6
Spellcasting   | |  2.0

Action                   || total
-------------------------++-------
Melee: Unarmed           ||    38
       Bite              ||     1
 Cast: Shock             ||    53
Armor: Skin              ||     4
Dodge: Dodged            ||    52

Table legend: (Time is in decaauts)
 A = Elapsed time spent in this place.
 B = Non-inter-level travel time spent in this place.
 C = Inter-level travel time spent in this place.
 D = Time resting spent in this place.
 E = Time spent auto-exploring this place.
 F = Levels seen in this place.
 G = Mean time per level.
                   A        B        C        D        E       F      G
               +--------+--------+--------+--------+--------+-----+--------+
         Total |   1083 |   1083 |      0 |     57 |    835 |   3 |  361.0 |
       Dungeon |   1083 |   1083 |      0 |     57 |    835 |   3 |  361.0 |
               +--------+--------+--------+--------+--------+-----+--------+

Top non-repeatable levels by time:
     D:1: 709 daAuts
     D:3: 279 daAuts
     D:2: 94 daAuts
